 Dungeon Crawl Stone Soup version 0.29-a0-214-g17f627cfee (webtiles) character file.

Game seed: 11045953858653247352

133 wakim the Skirmisher (level 4, 0/39 HPs)
             Began as a Palentonga Fighter on Feb 24, 2022.
             Succumbed to an orc's poison
             ... on level 3 of the Dungeon.
             The game lasted 00:07:01 (2318 turns).

wakim the Skirmisher (Palentonga Fighter)           Turns: 2318, Time: 00:07:02

Health: 0/39       AC:  6    Str: 19    XL:     4   Next: 93%
Magic:  4/4        EV:  7    Int:  8    God:
Gold:   121        SH:  4    Dex: 12    Spells: 3/3 levels left

rFire   . . .      SeeInvis +   a - +0 long sword
rCold   . . .      Faith    .   c - +0 buckler
rNeg    . . .      Spirit   .   b - +0 scale mail
rPois   .          Reflect  .   (no helmet)
rElec   .          Harm     .   (no cloak)
rCorr   .          Rampage  .   (no gloves)
Will    .....                   (no barding)
Stlth   ..........              (no amulet)
HPRegen 0.13/turn               (no ring)
MPRegen 0.09/turn               (no ring)

@: lethally poisoned (0 -> -1), flying
A: large, rugged brown scales 3, see invisible, deformed body, roll 1, armoured
tail
a: Rolling Charge


You were on level 3 of the Dungeon.
You visited 1 branch of the dungeon, and saw 3 of its levels.

You collected 121 gold pieces.

Inventory:

Hand Weapons
 a - a +0 long sword (weapon)
Armour
 b - a +0 scale mail (worn)
 c - a +0 buckler (worn)
Scrolls
 e - 2 scrolls of teleportation {unknown}
 f - a scroll of noise {unknown}
 h - 2 scrolls of fog {unknown}
 i - 2 scrolls of identify {unknown}
 O - a scroll of enchant armour {unknown}
 P - 2 scrolls of immolation {unknown}
Potions
 d - a potion of flight
 g - 2 potions of mutation {unknown}
 j - a potion of heal wounds {unknown}
 k - a potion of brilliance {unknown}
 N - a potion of might
 Q - 2 potions of curing {unknown}
 R - 2 potions of lignification {unknown}


   Skills:
 + Level 3.8 Fighting
 + Level 3.0 Long Blades
 + Level 3.1 Armour
 + Level 3.1 Shields


You had 3 spell levels left.
You didn't know any spells.
Your spell library contained the following spells:

 Spells                   Type           Power      Damage    Failure   Level
 Summon Small Mammal      Summ           0%         N/A       85%         1
 Blink                    Tloc           0%         N/A       94%         2
 Call Canine Familiar     Summ           0%         N/A       99%         3
 Lesser Beckoning         Tloc           0%         N/A       99%         3
 Summon Guardian Golem    Hex/Summ       0%         N/A       99%         3
 Leda's Liquefaction      Hex/Erth       0%         N/A       100%        4
 Lee's Rapid Deconstruct  Erth           0%         3d5*      100%        5
 Manifold Assault         Tloc           0%         N/A       100%        5
 Statue Form              Tmut/Erth      0%         N/A       100%        6


Dungeon Overview and Level Annotations

Branches:
Dungeon (3/15)

Altars:

Shops:
D:1 *


Innate Abilities, Weirdness & Mutations

You are completely covered in rugged brown scales. (AC +3, +7% HP)
You have supernaturally acute eyesight. (SInv)
Armour fits poorly on your strangely shaped body.
You can roll at nearby foes to attack.
You have a long armoured tail.


Message History

You block the orc's attack. The orc barely misses you.
You are too injured to fight recklessly!
You hit the orc but do no damage. You tail-slap the orc.
You kill the orc!
You feel very sick.
An orc wizard comes into view. It is wielding a +0 dagger of speed.
You feel sick.
Things that are here:
a +0 dagger of venom; a +0 ring mail You feel sick.
The orc wizard closely misses you.
The orc wizard gestures wildly while chanting.
The orc wizard flickers and vanishes for a moment.
You hit the orc wizard.
The orc wizard is moderately wounded.
You feel sick.
The orc wizard hits you with a +0 dagger of speed.
* * * LOW HITPOINT WARNING * * *
You hit the orc wizard.
The orc wizard is severely wounded.
* * * LOW HITPOINT WARNING * * *
You feel sick.
The orc wizard hits you with a +0 dagger of speed.
* * * LOW HITPOINT WARNING * * *
The orc wizard barely misses you.
You closely miss the orc wizard.
The orc wizard is severely wounded.
* * * LOW HITPOINT WARNING * * *
You feel sick.
The orc wizard hits you but does no damage.
You block the orc wizard's attack.
You closely miss the orc wizard. You tail-slap the orc wizard.
You kill the orc wizard!
* * * LOW HITPOINT WARNING * * *
You feel sick.
Your Long Blades skill increases to level 3!
Unknown command.
It was a potion of flight.
You feel very buoyant.
You fly up into the air.
You die...

#####.....#.#.##.#.##..#####
#........#.#.##.#.##......#
#........#.#)##.#.....###.#
##........#.#.##.#######
..........#.#....#
..........#.#.####
..#######.#'#.)..#
#####..........#)#
#...#..........#@#
')..'..........#)#
#...#..........#..
#####..........####
#..........# #..........#
#..........# #..........#
#......^...#


There were no monsters in sight!

Vanquished Creatures
  A jelly (D:2)
  An orc wizard (D:3)
  3 adders (D:2)
  2 dart slugs (D:1)
  A worm (D:2)
  2 orcs (D:3)
  4 bats (D:3)
  4 endoplasms
  2 giant cockroaches (D:1)
  5 goblins
  4 hobgoblins
  5 ball pythons
  3 frilled lizards
  4 kobolds
  7 rats
48 creatures vanquished.

Notes
Turn   | Place    | Note
-------+----------+-------------------------------------------
     0 | D:1      | wakim the Palentonga Fighter began the quest for the Orb.
     0 | D:1      | Reached XP level 1. HP: 19/19 MP: 1/1
   530 | D:1      | Reached XP level 2. HP: 22/25 MP: 2/2
   765 | D:1      | Found a faded altar of an unknown god.
   869 | D:1      | Found Vibinofa's Assorted Antiques.
  1000 | D:2      | Reached XP level 3. HP: 23/31 MP: 3/3
  1510 | D:2      | Reached XP level 4. HP: 29/37 MP: 4/4
  2316 | D:3      | HP: 1/39 [poisoned by an orc]
  2318 | D:3      | Succumbed to an orc's poison

Illustrated notes

Levels and vault maps discovered:
D:1:      dpeg_arrival_stone_temple_mockup, layout_loops_ring, serial_shops,
          shop, dreamdust_ecumenical_altar_angels_and_demons,
          hangedman_decor_diamond_cutter, minivault_25
D:2:      layout_rooms, eino_tiny_chamber
D:3:      layout_basic, kennysheep_cross_room

Skill      XL: |  1  2  3  4 |
---------------+-------------+-----
Armour         | 3 |  3.1
Shields        | 3 |  3.1
Long Blades    | 3 |  3.0
Fighting       | |  3.8

Action                   |  1- 3 |  4- 6 || total
-------------------------+-------+-------++-------
Melee: Long sword        |    85 |    50 ||   135
       Tailslap          |     7 |     9 ||    16
 Abil: Rolling Charge    |       |    10 ||    10
  Use: Potion            |       |     1 ||     1
Armor: Scale mail        |    39 |    29 ||    68
Dodge: Dodged            |    31 |    18 ||    49
Block: Buckler           |    17 |    10 ||    27

Table legend: (Time is in decaauts)
 A = Elapsed time spent in this place.
 B = Non-inter-level travel time spent in this place.
 C = Inter-level travel time spent in this place.
 D = Time resting spent in this place.
 E = Time spent auto-exploring this place.
 F = Levels seen in this place.
 G = Mean time per level.
                   A        B        C        D        E       F      G
               +--------+--------+--------+--------+--------+-----+--------+
         Total |   2358 |   2324 |     34 |      0 |   1911 |   3 |  786.0 |
       Dungeon |   2358 |   2324 |     34 |      0 |   1911 |   3 |  786.0 |
               +--------+--------+--------+--------+--------+-----+--------+

Top non-repeatable levels by time:
     D:1: 1004 daAuts
     D:2: 934 daAuts
     D:3: 419 daAuts
